 Dungeon Crawl Stone Soup version 0.23.2-1-ga50397a (webtiles) character file.

Game seed: 4767967419506252137

6795 schauveau the Severer (level 10, -4/77 HPs)
             Began as a Minotaur Monk on May 4, 2019.
             Was a High Priest of Okawaru.
             Killed from afar by an orc sorcerer (21 damage)
             ... with a bolt of negative energy
             ... on level 1 of the Orcish Mines.
             The game lasted 00:12:05 (8401 turns).

schauveau the Severer (Minotaur Monk)               Turns: 8401, Time: 00:12:06

Health: -4/77      AC: 14    Str: 19    XL:     10   Next: 76%
Magic:  9/9        EV:  6    Int:  7    God:    Okawaru [*****.]
Gold:   429        SH:  0    Dex: 13    Spells: 9/9 levels left

rFire    . . .     SeeInvis .   a - +0 war axe (vamp)
rCold    + . .     Gourm    .   (no shield)
rNeg     . . .     Faith    +   f - +1 plate armour
rPois    .         Spirit   .   (helmet restricted)
rElec    .         Reflect  .   H - +2 cloak {MR+}
rCorr    +         Harm     .   (no gloves)
MR       +....                  (no boots)
Stlth    ..........             I - amulet of faith
HPRegen  0.22/turn              L - ring of resist corrosion
MPRegen  0.11/turn              D - ring of protection from cold

@: lightly drained
A: retaliatory headbutt, horns 2
a: Heroism, Finesse, Renounce Religion


You were on level 1 of the Orcish Mines.
You worshipped Okawaru.
Okawaru was extremely pleased with you.
You were not hungry.

You visited 2 branches of the dungeon, and saw 10 of its levels.

You collected 429 gold pieces.

Inventory:

Hand Weapons
 a - a +0 vampiric war axe (weapon)
 w - a +0 war axe
 x - a +1 hand axe
 B - a +0 dire flail
Missiles
 e - 12 tomahawks (quivered)
 g - 119 arrows
 h - 31 poisoned needles
 i - 2 curare-tipped needles
 q - 113 bolts
Armour
 f - a +1 plate armour (worn)
 H - a +2 cloak of magic resistance (worn)
Jewellery
 v - an uncursed ring of wizardry
 D - a ring of protection from cold (right hand)
 I - an amulet of faith (around neck)
 L - a ring of resist corrosion (left hand)
Wands
 j - a wand of acid (11)
 r - a wand of flame (24)
 y - a wand of iceblast (9)
 z - a wand of polymorph (5)
Scrolls
 d - 3 scrolls of enchant weapon
 m - 4 scrolls of teleportation
 s - 3 scrolls of remove curse
 t - 2 scrolls of amnesia
 A - 2 scrolls of magic mapping
 C - 2 scrolls of blinking
 G - a scroll of fear
 J - a scroll of enchant armour
 K - a scroll of fog {unknown}
Potions
 b - a potion of heal wounds
 k - a potion of cancellation {unknown}
 l - a potion of brilliance {unknown}
 n - a potion of agility {unknown}
 p - 3 potions of curing
 u - 3 potions of might
 E - a potion of lignification {unknown}
 F - a potion of mutation {unknown}
Comestibles
 c - 20 rations


   Skills:
 - Level 3.6(3.0) Fighting
 + Level 18.3(17.5) Axes
 - Level 3.2(2.7) Dodging
 - Level 1.5(1.0) Stealth


You had 9 spell levels left.
You didn't know any spells.
Your spell library contained the following spells:

 Spells                   Type           Power        Failure   Level  Hunger
 Magic Dart               Conj           #...         100%        1    ##.....
 Summon Small Mammal      Summ           #...         100%        1    ##.....
 Blink                    Tloc           N/A          100%        2    ###....
 Call Imp                 Summ           #.......     100%        2    ###....
 Slow                     Hex            #.......     100%        2    ###....
 Call Canine Familiar     Summ           #.......     100%        3    ####...
 Conjure Flame            Conj/Fire      #.......     100%        3    ####...
 Mephitic Cloud           Conj/Pois/Air  #.......     100%        3    ####...
 Summon Guardian Golem    Hex/Summ       #.......     100%        3    ####...
 Summon Ice Beast         Ice/Summ       #.......     100%        4    #####..
 Summon Lightning Spire   Summ/Air       #.......     100%        4    #####..


Dungeon Overview and Level Annotations

Branches:
Dungeon (9/15)             Temple (0/1) D:7             Orc (1/2) D:9
   Lair: D:8-11

Altars:
Hepliaklqana
Makhleb
Okawaru
Ru
Sif Muna
Vehumet
Yredelemnul
Zin
The Shining One

Shops:
D:4 ((   D:6 (


Innate Abilities, Weirdness & Mutations

You reflexively headbutt those who attack you in melee.
You have a pair of horns on your head.


Message History

You slash the orc sorcerer! You completely miss the warg.
The orc sorcerer casts a spell at you. The bolt of fire hits you!!
The warg bites you.
Unknown command.
You hit the orc warrior but do no damage.
You headbutt the orc warrior!
The orc warrior is almost dead.
You slash the orc sorcerer!
Your plate armour prevents you from hitting the warg.
The orc sorcerer closely misses you.
The orc warrior hits you with a +0 long sword!
* * * LOW HITPOINT WARNING * * *
You hit the orc warrior but do no damage.
You headbutt the orc warrior, but do no damage.
The orc warrior is almost dead.
You hit the orc sorcerer. You hit the warg but do no damage.
The warg bites you but does no damage.
The orc sorcerer points at you and mumbles some strange words.
The bolt of negative energy hits you!!
You feel drained.
You die...

..............
..#..........
............
#.......... ##
..........##.##
#.........#...#
.......h.#....#
......)@>......
......oo......#
....#..).....##
..##..........#
$ #...........
.............
...............
...............
.#.....$#....#.


You could see a warg, an orc sorcerer and an orc warrior.

Vanquished Creatures
  A two-headed ogre (D:8)
  2 trolls (D:9)
  Prince Ribbit (D:6)
  2 hippogriffs
  Sigmund (D:3)
  A hungry ghost (D:9)
  A spriggan (D:7)
  6 yaks (D:9)
  A water moccasin (D:9)
  2 orc warriors
  A sky beast (D:6)
  4 ice beasts
  2 black bears
  2 phantoms
  4 ogres
  4 centaurs
  4 bullfrogs
  A wyvern zombie (D:6)
  3 scorpions
  2 howler monkeys (D:9)
  4 crimson imps
  2 bullfrog zombies (D:7)
  A centaur skeleton (D:7)
  A quasit (D:9)
  Crazy Yiuf (D:3)
  A centaur zombie (D:5)
  4 jellies
  2 hounds
  4 bullfrog skeletons
  3 orc priests
  Jessica (D:3)
  Ijyb (D:3)
  Terence (D:3)
  2 iguanas
  9 worker ants
  7 orc wizards
  A hound zombie (D:6)
  2 hound skeletons
  A worker ant zombie (D:6)
  4 gnolls (D:8)
  A howler monkey skeleton (D:7)
  7 adders
  2 shadow imps
  10 oozes (D:3)
  An adder zombie (D:7)
  An adder skeleton (D:9)
  2 worms
  2 dart slugs (D:1)
  4 leopard geckos
  33 orcs
  8 bats
  6 giant cockroaches
  8 goblins
  4 hobgoblins
  13 jackals
  6 quokkas
  A ball python (D:7)
  5 frilled lizards
  19 kobolds
  A leopard gecko zombie (D:5)
  8 rats
239 creatures vanquished.

Vanquished Creatures (others)
  3 fungi (D:3)
  6 toadstools (D:3)
9 creatures vanquished.

Grand Total: 248 creatures vanquished

Notes
Turn   | Place    | Note
-------+----------+-------------------------------------------
     0 | D:1      | schauveau the Minotaur Monk began the quest for the Orb.
     0 | D:1      | Reached XP level 1. HP: 19/19 MP: 0/0
    60 | D:1      | Reached skill level 4 in Axes
    89 | D:1      | Reached XP level 2. HP: 23/26 MP: 1/1
   621 | D:4      | Found Inoskin's Antique Weapon Emporium.
   657 | D:3      | Noticed Ijyb
   758 | D:4      | Reached skill level 5 in Axes
   866 | D:4      | Reached XP level 3. HP: 27/31 MP: 2/2
   871 | D:5      | Entered Level 5 of the Dungeon
   954 | D:4      | Reached skill level 6 in Axes
   954 | D:4      | Reached XP level 4. HP: 20/39 MP: 3/3
  1402 | D:4      | Reached skill level 7 in Axes
  1402 | D:4      | Reached XP level 5. HP: 45/45 MP: 4/4
  1437 | D:4      | Found Fixem's Weapon Shoppe.
  1621 | D:4      | Found a sacrificial altar of Ru.
  1932 | D:5      | Noticed an ogre
  1941 | D:5      | Killed an ogre
  1941 | D:5      | Reached skill level 8 in Axes
  1994 | D:5      | Reached XP level 6. HP: 46/51 MP: 5/5
  2173 | D:5      | Reached skill level 9 in Axes
  2390 | D:5      | Found a radiant altar of Vehumet.
  2740 | D:6      | Found Metick's Weapon Emporium.
  2788 | D:6      | Reached XP level 7. HP: 30/57 MP: 6/6
  2798 | D:6      | Reached skill level 10 in Axes
  2836 | D:6      | Noticed Prince Ribbit
  2841 | D:6      | Killed Prince Ribbit
  2868 | D:6      | Reached skill level 11 in Axes
  2871 | D:6      | Found a sacrificial altar of Ru.
  2977 | D:6      | Reached XP level 8. HP: 64/64 MP: 7/7
  3036 | D:6      | Found an iron altar of Okawaru.
  3043 | D:6      | Became a worshipper of Warmaster Okawaru
  3043 | D:6      | Reached * piety under Okawaru
  3043 | D:6      | Reached ** piety under Okawaru
  3114 | D:3      | Noticed Sigmund
  3125 | D:3      | Killed Ijyb
  3130 | D:3      | Noticed Terence
  3132 | D:3      | Killed Sigmund
  3132 | D:3      | Reached skill level 12 in Axes
  3136 | D:3      | Killed Terence
  3412 | D:3      | Found a hazy altar of Hepliaklqana.
  4658 | D:3      | Found a runed translucent door.
  4659 | D:3      | Noticed Crazy Yiuf
  4723 | D:3      | Noticed Jessica
  4736 | D:3      | Killed Jessica
  4848 | D:3      | Reached skill level 13 in Axes
  4941 | D:3      | Killed Crazy Yiuf
  5310 | D:6      | Found a burning altar of Makhleb.
  5310 | D:6      | Found a deep blue altar of Sif Muna.
  5401 | D:6      | Found a glowing silver altar of Zin.
  5716 | D:7      | Noticed a hippogriff
  5723 | D:7      | Killed a hippogriff
  5723 | D:7      | Reached XP level 9. HP: 70/70 MP: 8/8
  5781 | D:7      | Reached skill level 14 in Axes
  5897 | D:7      | Reached *** piety under Okawaru
  6119 | D:7      | Found a staircase to the Ecumenical Temple.
  6342 | D:7      | Reached skill level 15 in Axes
  6504 | D:8      | Reached **** piety under Okawaru
  6709 | D:8      | Noticed a two-headed ogre
  6720 | D:8      | Killed a two-headed ogre
  6720 | D:8      | Reached skill level 16 in Axes
  6720 | D:8      | Reached XP level 10. HP: 68/77 MP: 9/9
  6965 | D:8      | Reached ***** piety under Okawaru
  7121 | D:8      | Found a basalt altar of Yredelemnul.
  7424 | D:9      | Reached skill level 17 in Axes
  7463 | D:9      | Found a glowing golden altar of the Shining One.
  7603 | D:9      | Received a gift from Okawaru
  7681 | D:9      | Found a staircase to the Orcish Mines.
  7770 | D:9      | Reached skill level 18 in Axes
  8384 | Orc:1    | Entered Level 1 of the Orcish Mines
  8385 | Orc:1    | Noticed an orc sorcerer
  8401 | Orc:1    | Killed from afar by an orc sorcerer

Skill      XL: |  1  2  3  4  5  6  7  8  9 10 |
---------------+-------------------------------+-----
Axes           | 4 5 6 7 8 9 11 13 16 18 | 18.3
Fighting       | |  3.6
Dodging        | |  3.2
Stealth        | |  1.5

Action                   |  1- 3 |  4- 6 |  7- 9 | 10-12 || total
-------------------------+-------+-------+-------+-------++-------
Melee: Hand axe          |    62 |    97 |       |       ||   159
       Headbutt          |     9 |    14 |    82 |    26 ||   131
       War axe           |       |    32 |   416 |   164 ||   612
  Use: Scroll            |       |     3 |    12 |     1 ||    16
 Stab: Paralysed         |       |     1 |       |       ||     1
  Eat: Chunk             |       |     2 |     4 |     3 ||     9
       Ration            |       |     3 |     2 |     3 ||     8
Armor: Robe              |     6 |       |       |       ||     6
       Plate armour      |    15 |    79 |   280 |   125 ||   499
Dodge: Dodged            |    36 |    30 |   103 |    52 ||   221
